 Dungeon Crawl Stone Soup version 0.30-a0-322-g102857c98e (webtiles) character file.

Game seed: 7491681005086472303

697 ryw the Fighter (level 7, -6/94 HPs)
             Began as a Demonspawn Monk on Oct 28, 2022.
             Mangled by Menkaure (11 damage)
             ... on level 5 of the Dungeon.
             The game lasted 00:07:50 (4120 turns).

ryw the Fighter (Demonspawn Monk)                   Turns: 4120, Time: 00:07:50

Health: -6/94      AC: 23    Str: 13    XL:     7   Next: 37%
Magic:  7/7        EV:  2    Int: 11    God:
Gold:   239        SH:  0    Dex: 21    Spells: 6/6 levels left

rFire   . . .      SeeInvis .    g - +0 whip of Asuryr {elec, Dex+5}
rCold   . . .      Faith    .    (no shield)
rNeg    . . .      Spirit   .    (body armour currently unavailable)
rPois   +          Reflect  .    (helmet currently unavailable)
rElec   .          Harm     .    (cloak currently unavailable)
rCorr   .          Rampage  .    (gloves currently unavailable)
Will    .....      NoTele   +    (boots currently unavailable)
Stlth   ++........               (no amulet)
HPRegen 0.35/turn                (no ring)
MPRegen 0.10/turn                (no ring)

@: tree-form, attractive, invisible
A: stationary, stasis, torment immunity, boosted hp, demonic guardian 1, (spiny
1), (sharp scales 2)
a: no special abilities


You were on level 5 of the Dungeon.
You were a tree.
You visited 1 branch of the dungeon, and saw 5 of its levels.

You collected 239 gold pieces.

Inventory:

Hand Weapons
 b - a +1 dagger of venom
 g - the +0 whip of Asuryr (weapon) {elec, Dex+5}
   (You found it on level 2 of the Dungeon)

   It occasionally discharges a powerful burst of electricity upon striking a
   foe.
   Dex:       It affects your dexterity (+5).
 x - a +2 dagger of protection
Missiles
 q - a throwing net (quivered)
Armour
 a - a +0 robe
 p - a +1 helmet (melded)
 r - a +0 pair of gloves (melded)
 t - a +0 scale mail (melded)
Scrolls
 i - 2 scrolls of enchant armour
 k - 3 scrolls of teleportation
 l - a scroll of butterflies {unknown}
 m - 3 scrolls of poison
 u - a scroll of acquirement {unknown}
 w - a scroll of immolation {unknown}
Potions
 c - a potion of attraction
 d - a potion of invisibility
 e - 3 potions of curing
 h - a potion of lignification
 j - a potion of resistance {unknown}
 n - a potion of haste {unknown}
 o - a potion of degeneration {unknown}
 s - 3 potions of might {unknown}
 v - a potion of flight {unknown}


   Skills:
 + Level 8.7 Fighting
 - Level 2.6 Dodging
 - Level 1.7 Stealth
 - Level 2.6 Unarmed Combat


You had 6 spell levels left.
You didn't know any spells.
Your spell library was empty.

Dungeon Overview and Level Annotations

Branches:
Dungeon (5/15)
 Temple: D:4-7

Altars:

Shops:
D:1 [   D:4 =

Annotations:
D:5 Edmund, Menkaure


Innate Abilities, Weirdness & Mutations

You are a tree.
Your roots penetrate the ground, keeping you stationary.
You cannot be teleported.
You are immune to unholy pain and torment.
Your maximum health is greatly increased.
Your equipment is partially melded.
A weak demonic guardian rushes to your aid.
((You are partially covered in sharp spines.))
((You are mostly covered in razor-sharp scales. (AC +2, Slay +2)))


Message History

Menkaure hits you!
* * * LOW HITPOINT WARNING * * *
Menkaure completely misses your ufetubus.
Your ufetubus barely misses Menkaure. x2
Your ufetubus hits Menkaure. x2
Your ufetubus hits Menkaure but does no damage.
Your ufetubus hits Menkaure. Menkaure hits your ufetubus!!
Your ufetubus dies!
Your ufetubus disappears in a puff of smoke!
Menkaure shouts!
You feel better.
Menkaure points at you and mumbles some strange words.
Pain shoots through your body!
* * * LOW HITPOINT WARNING * * *
A demonic guardian appears!
You swap places.
Your ufetubus barely misses Menkaure.
Your ufetubus hits Menkaure.
You feel better. Menkaure hits your ufetubus!
Your ufetubus dies!
Your ufetubus disappears in a puff of smoke!
It was a potion of magic.
Magic courses through your body.
It was a potion of attraction.
You feel attractive to monsters. Menkaure hits you!
* * * LOW HITPOINT WARNING * * *
It was a potion of lignification.
You turn into a tree.
Your +1 helmet melds into your body.
Your +0 pair of gloves melds into your body.
Your +0 scale mail melds into your body.
Your roots penetrate the ground.
Menkaure hits you but does no damage.
You barely miss Menkaure.
Menkaure is severely damaged.
Menkaure sighs drily.
Menkaure hits you but does no damage. Menkaure hits you.
* * * LOW HITPOINT WARNING * * *
A demonic guardian appears!
You barely miss Menkaure.
Menkaure is severely damaged.
Menkaure hits you!
You die...

##### #>..###
#.#...##########
#.##...........#
#♣##.###..####.. #M##.#
##.####
#5##.####....#...
#.##.#...........
#######.##.#.######....
........##.#.# ###
#######.##.#.###########
#....?..##.#............
#.....#.# #############


You could see Menkaure (fast, ally target) and a friendly shadow imp (summoned).

Vanquished Creatures
  A centaur (D:5)
  A phantom (D:5)
  2 necrophages (D:4)
  A howler monkey (D:4)
  A jelly (D:4)
  2 orc priests
  A gnoll bouda (D:4)
  An orc wizard (D:5)
  5 gnolls
  8 adders
  An ufetubus (D:3)
  A dart slug (D:1)
  5 orcs
  4 endoplasms
  2 giant cockroaches
  8 goblins
  4 hobgoblins
  10 kobolds
  4 quokkas
  8 ball pythons
  6 bats
  9 frilled lizards
  2 rats
87 creatures vanquished.

Vanquished Creatures (collateral kills)
  A jelly (D:4)
  An adder (D:2)
  A ball python (D:4)
  An endoplasm (D:2)
  A giant cockroach (D:3)
  2 frilled lizards (D:2)
7 creatures vanquished.

Vanquished Creatures (others)
  A fungus (D:5)
  7 plants (D:1)
8 creatures vanquished.

Grand Total: 102 creatures vanquished

Notes
Turn   | Place    | Note
-------+----------+-------------------------------------------
     0 | D:1      | ryw the Demonspawn Monk began the quest for the Orb.
     0 | D:1      | Reached XP level 1. HP: 18/18 MP: 1/1
    75 | D:1      | Gained mutation: A weak demonic guardian rushes to your
                  | aid. [demonic ancestry]
    75 | D:1      | Reached XP level 2. HP: 9/24 MP: 2/2
   432 | D:1      | Reached skill level 4 in Fighting
   520 | D:1      | Found Nunkac's Armour Boutique.
   766 | D:2      | Gained mutation: You are partially covered in razor-sharp
                  | scales. (AC +1, Slay +1) [demonic ancestry]
   766 | D:2      | Reached XP level 3. HP: 20/30 MP: 3/3
   926 | D:2      | Identified the +0 whip of Asuryr {elec, Dex+5}
  1041 | D:2      | Reached skill level 5 in Fighting
  1041 | D:2      | Reached XP level 4. HP: 35/39 MP: 4/4
  2452 | D:4      | Reached XP level 5. HP: 41/46 MP: 5/5
  2519 | D:4      | Reached skill level 6 in Fighting
  2588 | D:4      | Gained mutation: You are mostly covered in razor-sharp
                  | scales. (AC +2, Slay +2) [demonic ancestry]
  2588 | D:4      | Reached XP level 6. HP: 40/53 MP: 6/6
  2706 | D:4      | Found Lirchiwuz's Jewellery Emporium.
  2726 | D:4      | Reached skill level 7 in Fighting
  3622 | D:5      | Entered Level 5 of the Dungeon
  3652 | D:5      | Noticed Edmund
  3804 | D:5      | Reached skill level 8 in Fighting
  3804 | D:5      | Gained mutation: You are partially covered in sharp spines.
                  | [demonic ancestry]
  3804 | D:5      | Reached XP level 7. HP: 33/62 MP: 7/7
  4097 | D:5      | Noticed Menkaure
  4120 | D:5      | Mangled by Menkaure

Illustrated notes

Levels and vault maps discovered:
D:1:      amcnicky_arrival_choice, layout_rooms, serial_shops, shop,
          serial_forest, infiniplex_forest_end_1, infiniplex_forest_clump_tiny,
          infiniplex_forest_clump_tiny, infiniplex_forest_end_3,
          infiniplex_forest_lined_3_way, infiniplex_forest_clump_small,
          infiniplex_forest_clump_small, infiniplex_forest_clump_curved,
          infiniplex_forest_clump_tiny
D:2:      cheibrodos_old_hovel, layout_basic, chequers_serial_rivers_micro_b,
          minmay_strange_pillars, minmay_heptomino_w4
D:3:      layout_basic, serial_corexii_hall, chequers_hall_statues_y,
          corexii_hall_statues_l, hangedman_abyss_or_decor_lesser_grid,
          hangedman_decor_growths, grunt_decor_cap
D:4:      minmay_general_purpose_star, layout_cave_pools, serial_shops, shop,
          minmay_ruptured
D:5:      layout_basic, mainiacjoe_overflow_alcove_3, uniq_edmund,
          uniq_menkaure, uniq_eustachio

Skill      XL: |  1  2  3  4  5  6 |
---------------+-------------------+-----
Fighting       | 4 5 6 8 |  8.7
Dodging        | |  2.6
Stealth        | |  1.7
Unarmed Combat | |  2.6

Action                   |  1- 3 |  4- 6 |  7- 9 || total
-------------------------+-------+-------+-------++-------
Melee: Unarmed           |    28 |       |       ||    28
       Dagger            |    66 |       |       ||    66
       Whip              |    16 |   164 |    34 ||   214
       Punch             |       |     5 |     5 ||    10
  Use: Potion            |     1 |       |     6 ||     7
       Scroll            |       |     6 |       ||     6
 Stab: Sleeping          |     1 |     1 |       ||     2
       Distracted        |       |     1 |       ||     1
Armor: Robe              |    10 |       |       ||    10
       Ring mail         |    33 |    27 |       ||    60
       Scale mail        |       |    74 |    23 ||    97
       Skin              |       |       |     2 ||     2
Dodge: Dodged            |    70 |   115 |    13 ||   198

Table legend: (Time is in decaauts)
 A = Elapsed time spent in this place.
 B = Non-inter-level travel time spent in this place.
 C = Inter-level travel time spent in this place.
 D = Time resting spent in this place.
 E = Time spent auto-exploring this place.
 F = Levels seen in this place.
 G = Mean time per level.
                   A        B        C        D        E       F      G
               +--------+--------+--------+--------+--------+-----+--------+
         Total |   4146 |   4078 |     68 |    544 |   2644 |   5 |  829.2 |
       Dungeon |   4146 |   4078 |     68 |    544 |   2644 |   5 |  829.2 |
               +--------+--------+--------+--------+--------+-----+--------+

Top non-repeatable levels by time:
     D:4: 1043 daAuts
     D:3: 967 daAuts
     D:2: 898 daAuts
     D:1: 750 daAuts
     D:5: 486 daAuts
